Map: Backwater LE

Players

fruitcake - Winner!

  • Race: Terran Terran
  • Spawn Location: 5:00

A.I. 1 (Harder)

  • Race: Zerg Zerg
  • Spawn Location: 11:00

VOD

Have the link to the VOD?

Description

Time

  • Played on: May 5, 2018, 1:46 p.m.
  • Length: 9:06
Show
View Real Time Build Order
Export as new Build Order

fruitcake Terran - Winner!

Build Orders:  

Get SALT Encoding   

  12  0:01  SCV  
  13  0:14  Supply Depot  
  13  0:17  SCV  
  14  0:25  Refinery  
  14  0:32  SCV  
  15  0:43  Barracks  
  15  0:47  SCV  
  16  0:59  SCV  
  17  1:09  Barracks  
  17  1:11  SCV  
  18  1:23  SCV  
  18  1:25  Supply Depot  
  19  1:30  Marine  
  20  1:38  Orbital Command  
  20  1:47  Marine  
  21  1:57  Marine  
  22  2:16  Command Center  
  22  2:28  Marine x2  
  24  2:36  Supply Depot  
  24  2:40  Refinery  
  24  2:47  Barracks Tech Lab, Barracks Reactor  
  24  3:02  Factory  
  24  3:09  Engineering Bay  
  24  3:11  Supply Depot  
  26  3:13  Marauder  
  26  3:25  SCV  
  27  3:30  Marine x2  
  31  3:34  Marauder  
  31  3:37  SCV  
  32  3:42  Stimpack  
  32  3:52  SCV  
  35  3:55  Marauder  
  35  3:57  Terran Infantry Weapons Level 1  
  35  3:59  SCV  
  36  4:04  SCV  
  37  4:11  SCV  
  37  4:16  SCV  
  39  4:21  Marine  
  39  4:22  Marauder  
  39  4:23  Marine, SCV  
  44  4:28  SCV  
  45  4:35  SCV  
  46  4:39  Marine  
  46  4:40  SCV  
  46  4:41  Marine  
  46  4:42  Factory Tech Lab  
  46  4:43  Marine  
  50  4:51  Starport  
  50  4:57  Marine  
  50  4:59  Marine  
  52  5:00  SCV  
  52  5:02  Marauder  
  52  5:04  SCV  
  56  5:12  SCV  
  57  5:15  Marine  
  57  5:16  SCV  
  57  5:17  Marine  
  57  5:18  Supply Depot  
  60  5:23  Marauder  
  62  5:29  Supply Depot  
  62  5:38  Orbital Command  
  62  5:39  Marine x2  
  62  5:40  Cyclone  
  67  5:46  Medivac  
  69  5:56  Refinery  
  70  5:57  SCV  
  70  5:58  Refinery  
  70  5:59  Terran Infantry Armor Level 1  
  70  6:06  SCV  
  71  6:16  Medivac, Supply Depot  
  71  6:18  SCV  
  74  6:19  Cyclone  
  74  6:20  Supply Depot  
  77  6:35  SCV  
  77  6:38  Marine  
  79  6:45  SCV  
  80  6:51  Cyclone  
  83  6:54  Marine  
  83  6:55  Marine, Marauder  
  83  6:57  SCV  
  88  7:04  Medivac  
  89  7:09  SCV  
  89  7:12  Marine  
  89  7:13  Marine  
  85  7:16  Marauder  
  85  7:21  SCV  
  88  7:30  Marine, Supply Depot  
  88  7:31  Marine, Cyclone  
  93  7:41  Supply Depot  
  93  7:42  Supply Depot  
  93  7:48  Marine  
  94  7:51  Marine, Medivac  
  94  7:52  Marauder  
  94  7:54  Supply Depot  
  99  8:03  Cyclone  
  102  8:05  Marine  
  102  8:09  Marine  
  104  8:13  Marauder  
  104  8:14  Supply Depot  
  106  8:21  Medivac  
  106  8:23  Marine  
  109  8:27  Marine  
  110  8:34  Marauder  
  113  8:41  Marine  
  113  8:45  Marine  
  117  9:00  Command Center  
Show
View Real Time Build Order
Export as new Build Order

A.I. 1 (Harder) Zerg 

Build Orders: Pool First 

Get SALT Encoding   

  12  0:00  Drone  
  13  0:12  Overlord  
  13  0:17  Drone  
  14  0:30  Drone x2  
  16  0:42  Spawning Pool  
  16  0:45  Drone  
  16  0:50  Drone  
  16  0:53  Extractor  
  16  0:55  Drone  
  17  1:06  Overlord  
  17  1:31  Zergling x2, Queen  
  20  1:37  Roach Warren  
  20  1:38  Drone  
  20  1:43  Zergling x2, Extractor  
  20  1:49  Drone  
  21  1:59  Drone  
  22  2:10  Overlord  
  22  2:21  Drone  
  23  2:32  Roach  
  25  2:38  Drone  
  25  2:40  Overlord  
  28  2:44  Roach  
  28  2:56  Roach  
  30  3:06  Overlord  
  30  3:08  Roach  
  32  3:15  Drone  
  32  3:19  Drone  
  34  3:20  Roach  
  34  3:23  Drone  
  37  3:32  Ravager x2  
  37  3:33  Ravager x2  
  37  3:34  Roach  
  43  3:45  Overlord  
  43  3:46  Roach  
  45  3:53  Drone  
  46  3:58  Roach  
  48  4:03  Drone  
  48  4:05  Baneling Nest  
  48  4:11  Drone  
  48  4:12  Roach  
  48  4:13  Drone  
  48  4:16  Overlord  
  52  4:22  Evolution Chamber  
  52  4:24  Drone  
  52  4:33  Roach  
  54  4:45  Roach  
  56  6:29  Zergling x2, Lair, Overlord  
  56  6:30  Zerg Melee Weapons Level 1  
  56  6:32  Spore Crawler  
  56  6:34  Spore Crawler, Drone  
  56  6:36  Zergling x2  
  56  6:37  Hatchery  
  56  6:42  Zergling x2  
  57  6:48  Overlord  
  57  7:02  Spine Crawler  
  57  7:05  Zergling x2  
  55  7:11  Zergling x2  
  34  7:18  Roach  
  32  7:24  Roach  
  32  7:27  Burrow  
  32  7:29  Metabolic Boost, Hydralisk Den  
  33  7:31  Roach, Overseer  
  33  7:32  Infestation Pit  
  34  7:37  Roach  
  38  7:44  Roach  
  38  7:46  Spine Crawler  
  38  7:50  Roach, Drone  
  38  7:51  Drone x2  
  43  7:55  Drone  
  43  7:57  Zergling x2, Drone  
  43  7:58  Extractor  
  39  8:00  Drone  
  39  8:03  Zergling x2, Drone  
  39  8:04  Drone  
  39  8:10  Zergling x2  
  40  8:15  Zergling x2  
  39  8:25  Hydralisk  
  34  8:30  Zergling x2  
  34  8:33  Zergling x2  
  30  8:40  Zergling x2  
Tags
 
Add a new tag
Caveats
  • Supply blocks, unpowered buildings, or Contaminate may cause inaccurate times.
  • Supply counts are checked every 10 seconds.